 Dungeon Crawl Stone Soup version 0.31.0-12-g77e489cdc1 (webtiles) character file.

Game seed: 5789123573999427304

31 octoduck the Trooper (level 3, -7/37 HPs)
             Began as an Oni Warper on Feb 18, 2024.
             Was a Follower of Zin.
             Mangled by a goblin
             ... wielding a +2 dagger of electrocution
              (18 damage)
             ... on level 2 of the Dungeon.
             The game lasted 00:02:58 (1743 turns).

octoduck the Trooper (Oni Warper)                   Turns: 1743, Time: 00:02:59

Health: -7/37      AC:  3    Str: 17    XL:     3   Next: 22%
Magic:  6/6        EV:  9    Int: 14    God:    Zin [*.....]
Gold:   67         SH:  0    Dex:  8    Spells: 6/6 levels left

rFire   . . .        a - +0 mace
rCold   . . .        (no shield)
rNeg    . . .        b - +0 robe
rPois   .            (helmet restricted)
rElec   .            (no cloak)
rCorr   .            (gloves unavailable)
SInv    .            (boots unavailable)
Will    .....        (no amulet)
Stlth   +            (no ring)
HPRegen 0.26/turn    (no ring)
MPRegen 0.10/turn

%: no passive effects
@: no status effects
A: large, unfitting armour, horns 1, tough skin 1, double potion healing,
drunken brawling
a: Renounce Religion, Recite, Donate Gold


You were on level 2 of the Dungeon.
You worshipped Zin.
Zin was aware of your devotion.
You visited 1 branch of the dungeon, and saw 2 of its levels.

You collected 150 gold pieces.
You donated 83 gold pieces to Zin.

Inventory:

Hand Weapons
 a - a +0 mace (weapon)
Missiles
 d - 7 darts of dispersal (quivered)
Armour
 b - a +0 robe (worn)
Jewellery
 g - a ring of willpower
Scrolls
 c - a scroll of blinking
 e - a scroll of butterflies
 f - a scroll of teleportation


   Skills:
 + Level 3.3 Fighting
 * Level 2.9 Maces & Flails
 - Level 1.0 Throwing
 - Level 2.1 Dodging
 - Level 2.4 Spellcasting
 + Level 3.0 Translocations


You had 6 spell levels left.
You didn't know any spells.
Your spell library contained the following spells:

 Spells                   Type           Power      Damage    Failure   Level
 Blink                    Tloc           20%        N/A       10%         2
 Lesser Beckoning         Tloc           20%        N/A       10%         2
 Teleport Other           Tloc           10%        N/A       21%         3
 Manifold Assault         Tloc           10%        N/A       54%         4
 Vhi's Electric Charge    Tloc/Air       10%        N/A       77%         4
 Conjure Ball Lightning   Conj/Air       0%         3x3d6     100%        6
 Discord                  Hex            0%         N/A       100%        8
 Disjunction              Tloc           5%         N/A       100%        8


Dungeon Overview and Level Annotations

Branches:
Dungeon (2/15)

Altars:
Zin


Innate Abilities, Weirdness & Mutations

You are too large for most types of armour.
You have a pair of small horns on your head.
You have tough skin. (AC +1)
You gain doubled healing and magic from potions.
Whenever you drink a healing potion, you attack all around you.


Message History

There is a stone staircase leading down here.
Things that are here:
a +0 club; a kobold corpse A frilled lizard comes into view.
Okay, then.
You barely miss the frilled lizard. You headbutt the frilled lizard.
You kill the frilled lizard!
A bat comes into view.
A goblin comes into view.
It is wielding a +2 dagger of electrocution.
The bat moves out of view.
Found a dagger and a grey potion.
The bat barely misses you. The bat hits you but does no damage.
The goblin shouts!
The goblin unwields a +2 dagger of electrocution.
It stops crackling.
The goblin wields a +0 sling.
The goblin shoots a sling bullet.
The sling bullet hits you. The bat hits you but does no damage.
You hit the bat.
You kill the bat!
The goblin shoots a sling bullet.
The sling bullet barely misses you.
The goblin shoots a sling bullet.
The sling bullet misses you.
The goblin shoots a sling bullet.
The sling bullet hits you.
The goblin shoots a sling bullet.
The sling bullet hits you.
The goblin shoots a sling bullet.
The sling bullet hits you but does no damage.
Things that are here:
a +0 club; a kobold skeleton The goblin shoots a sling bullet.
The sling bullet hits you.
There is a stone staircase leading down here.
You start resting.
A goblin is nearby!
The goblin unwields a +0 sling.
The goblin wields a +2 dagger of electrocution.
You hear the crackle of electricity.
The goblin hits you with a +2 dagger of electrocution.
You are electrocuted!!
* * * LOW HITPOINT WARNING * * *
You closely miss the goblin. The goblin hits you but does no damage.
You are electrocuted!!
You die...

#......#####.# #
########## #.# #
#.......# #.# #
#.#####.# #.# ####
#.# #.# #.####...
#.# #.# #....#...
#.# #.# #.##...._
#.#####.# #.###....
#>@...#.# #.# ##...
#g###...# #.# ###.
#.# ##..# #.# #.
#.# #..###.######.
#)#####............
#.#...#.....#######
###.#.#.#######
#........#
#....###...#


You could see a goblin.

Vanquished Creatures
  A ribbon worm (D:1)
  2 ball pythons
  6 bats
  3 endoplasms
  2 giant cockroaches (D:1)
  2 goblins (D:1)
  2 hobgoblins (D:1)
  A kobold (D:2)
  A quokka (D:2)
  4 frilled lizards
  A rat (D:2)
25 creatures vanquished.

Notes
Turn   | Place    | Note
-------+----------+-------------------------------------------
     0 | D:1      | octoduck the Oni Warper began the quest for the Orb.
     0 | D:1      | Reached XP level 1. HP: 22/22 MP: 3/3
   592 | D:1      | Reached XP level 2. HP: 29/29 MP: 5/5
  1399 | D:2      | Found a glowing silver altar of Zin.
  1409 | D:2      | Became a worshipper of Zin the Law-Giver
  1409 | D:2      | Reached * piety under Zin
  1442 | D:2      | Reached XP level 3. HP: 37/37 MP: 6/6
  1698 | D:2      | Donated 68 gold pieces to Zin
  1743 | D:2      | Mangled by a goblin

Illustrated notes

Levels and vault maps discovered:
D:1:      shiori_arrival_elements, layout_loops_ring, minmay_gold_behind_fungi,
          nicolae_wormholes
D:2:      layout_basic, basic_altar, minmay_fractal_squares_5

Skill      XL: |  1  2 |
---------------+-------+-----
Fighting       | 3 |  3.3
Translocations | 3 |  3.0
Maces & Flails | |  2.9
Throwing       | |  1.0
Dodging        | |  2.1
Spellcasting   | |  2.4

Action                     || total
---------------------------++-------
  Melee: Mace              ||    83
         Headbutt          ||     8
         Punch             ||     2
 Invoke: Donate Gold       ||     1
    Use: Scroll            ||     2
 Armour: Robe              ||    62
  Dodge: Dodged            ||    42
